 Dungeon Crawl Stone Soup version 0.30-a0-557-ge2afbf3030 (webtiles) character file.

Game seed: 14303654071009824808

1243 jt the Caller (level 8, -2/67 HPs)
             Began as a Naga Summoner on Dec 27, 2022.
             Was a Follower of Wu Jian.
             Slain by a sky beast (6 damage)
             ... on level 8 of the Dungeon.
             The game lasted 00:18:19 (4376 turns).

jt the Caller (Naga Summoner)                       Turns: 4376, Time: 00:18:19

Health: -2/67      AC:  3    Str: 10    XL:     8   Next: 50%
Magic:  11/16      EV: 10    Int: 18    God:    Wu Jian [*.....]
Gold:   380        SH:  0    Dex: 12    Spells: 9/18 levels left

rFire   . . .      SeeInvis +    b - +2 short sword (holy)
rCold   . . .      Faith    .    (no shield)
rNeg    . . .      Spirit   .    u - +0 robe
rPois   +          Reflect  .    (no helmet)
rElec   .          Harm     .    (no cloak)
rCorr   .          Rampage  .    (no gloves)
Will    +....                    (no barding)
Stlth   ++                       p - amulet of regeneration
HPRegen 1.11/turn                C - ring of flight
MPRegen 0.15/turn                (no ring)

@: flying, very slow
A: AC +2, large, see invisible, deformed body, poison resistance, slowness 2,
spit poison 1, naga tail 1
a: Spit Poison, Renounce Religion


You were on level 8 of the Dungeon.
You worshipped Wu Jian.
Wu Jian was aware of your devotion.
You visited 2 branches of the dungeon, and saw 8 of its levels.

You collected 437 gold pieces.
You spent 57 gold pieces at shops.

Inventory:

Hand Weapons
 a - a +2 short sword of venom
 b - a +2 short sword of holy wrath (weapon)
 j - a +0 sling
 m - a +0 trident of venom
 y - a +2 spear of pain
 A - a +0 halberd
 E - a +0 shortbow
 I - a +0 war axe
 J - a +0 battleaxe of electrocution
Missiles
 h - 27 poisoned darts
 k - 66 stones
 x - 5 curare-tipped darts
 G - 3 boomerangs
Armour
 u - a +0 robe (worn)
Jewellery
 p - an amulet of regeneration (around neck)
 C - a ring of flight (left hand)
Wands
 H - a wand of mindburst (13)
Scrolls
 d - a scroll of poison
 e - 2 scrolls of noise
 g - 2 scrolls of fog
 i - a scroll of immolation
 n - 2 scrolls of enchant weapon
 q - a scroll of torment
 r - a scroll of amnesia
 B - a scroll of blinking
 F - a scroll of brand weapon
Potions
 c - 3 potions of magic
 f - a potion of lignification
 l - a potion of flight {unknown}
 o - 2 potions of curing
 s - a potion of might {unknown}
 t - a potion of cancellation {unknown}
 v - 2 potions of brilliance {unknown}
 w - 2 potions of attraction {unknown}
 z - 2 potions of mutation {unknown}
 D - a potion of invisibility


   Skills:
 - Level 2.0 Fighting
 - Level 1.5 Dodging
 - Level 3.0 Stealth
 + Level 5.9 Spellcasting
 + Level 3.6 Hexes
 + Level 7.5 Summonings


You had 9 spell levels left.
You knew the following spells:

 Your Spells              Type           Power      Damage    Failure   Level
a - Summon Small Mammal   Summ           100%       N/A       1%          1
b - Call Imp              Summ           32%        N/A       1%          2
c - Call Canine Familiar  Summ           32%        N/A       1%          3
d - Summon Guardian Gole  Hex/Summ       25%        N/A       3%          3

Your spell library contained the following spells:

 Spells                   Type           Power      Damage    Failure   Level
 Summon Lightning Spire   Summ/Air       18%        N/A       26%         4
 Yara's Violent Unravell  Hex/Tmut       6%         3d5       83%         5
 Enfeeble                 Hex            9%         N/A       100%        7


Dungeon Overview and Level Annotations

Branches:
Dungeon (6/15)             Temple (1/1) D:5

Altars:
Cheibriados
Dithmenos
Elyvilon
Fedhas
Gozag
Sif Muna
Trog
Uskayaw
Wu Jian
Zin

Shops:
D:3 (

Annotations:
D:5 3 runed translucent doors, Mesmaeker13's ghost, novice AtFi
D:6 5 runed translucent doors


Innate Abilities, Weirdness & Mutations

Your serpentine skin is tough. (AC +2)
You have supernaturally acute eyesight. (SInv)
Armour fits poorly on your strangely shaped body.
Your system is resistant to poisons. (rPois)
You cover ground very slowly.
You can spit poison.
You have a snake-like lower body.


Message History

The sky beast closely misses you.
Press: ? - help, v - describe, . - travel
Here: a guardian golem (almost destroyed, summoned, inner flame, friendly)
The floor.
Okay, then.
You barely miss the wyvern zombie.
The wyvern zombie is severely damaged.
The centaur zombie hits you.
The centaur zombie kicks you but does no damage.
The wyvern zombie bites you.
* * * LOW HITPOINT WARNING * * *
Your hound bites the wyvern zombie but does no damage.
The centaur zombie barely misses you. The centaur zombie closely misses you.
The sky beast closely misses you. The wyvern zombie bites you.
* * * LOW HITPOINT WARNING * * *
Press: ? - help, v - describe, . - travel
Here: a wyvern zombie (severely damaged, ally target)
The floor.
Okay, then.
Okay, then.
Aiming: Mindburst
Press: ? - help, Shift-Dir - straight line, f - sky beast
Aim: a sky beast (heavily wounded, slightly transparent, chance to affect: 64%)
The sky beast struggles to resist.
Your hound barely misses the wyvern zombie.
The centaur zombie hits you.
* * * LOW HITPOINT WARNING * * *
The centaur zombie kicks you but does no damage.
The wyvern zombie barely misses you.
Your hound bites the wyvern zombie.
The sky beast barely misses you.
Press: ? - help, v - describe, . - travel
Here: a wyvern zombie (severely damaged, ally target)
The floor.
You feel better. The centaur zombie barely misses you.
The centaur zombie closely misses you. The wyvern zombie bites you!
* * * LOW HITPOINT WARNING * * *
Your hound bites the wyvern zombie.
The sky beast hits you.
* * * LOW HITPOINT WARNING * * *
The sky beast shocks you.
You die...

..#...#...# .........
## ....... ..#
.....#..# ############
#....#.##
)).........####.......#
)))8..8..8..8##.......#
)))...........#......##
)))...........'h@.....#
).............#ZYZ.#..#
)..8).8..8..8##9.### .#
...........####.... #
############ #..?...
.....8... ......YZ.
.......... .##.#...#.


You could see a sky beast, a wyvern zombie (ally target), a centaur zombie (ally
target), a friendly guardian golem (summoned, inner flame) and a friendly hound
(summoned, sheltered).

Vanquished Creatures
  2 orc warriors (D:8)
  A black bear (D:4)
  A centaur (D:5)
  A necrophage (D:5)
  A scorpion (D:4)
  A wight (D:8)
  A hound (D:6)
  3 orc priests
  A jelly (D:6)
  An iguana (D:5)
  4 orc wizards
  3 gnolls (D:5)
  6 adders
  4 worms
  A dart slug (D:1)
  21 orcs
  3 ball pythons
  3 bats
  5 endoplasms
  3 giant cockroaches
  A goblin (D:1)
  2 hobgoblins (D:1)
  4 jackals (D:2)
  2 quokkas
  2 frilled lizards
  4 kobolds
  3 rats
84 creatures vanquished.

Vanquished Creatures (collateral kills)
  2 jellies
  A hound (D:5)
  An iguana (D:6)
  4 adders
  4 gnolls (D:5)
  3 dart slugs (D:1)
  9 orcs
  4 ball pythons
  A bat (D:1)
  10 endoplasms
  4 goblins
  10 jackals
  A quokka (D:3)
  8 kobolds
  A rat (D:1)
63 creatures vanquished.

Vanquished Creatures (others)
  2 fungi (D:4)
  8 toadstools (D:4)
10 creatures vanquished.

Grand Total: 157 creatures vanquished

Notes
Turn   | Place    | Note
-------+----------+-------------------------------------------
     0 | D:1      | jt the Naga Summoner began the quest for the Orb.
     0 | D:1      | Reached XP level 1. HP: 15/15 MP: 3/3
   127 | D:1      | Reached XP level 2. HP: 12/22 MP: 1/5
   193 | D:1      | Learned a level 2 spell: Call Imp
   531 | D:1      | Reached XP level 3. HP: 28/28 MP: 6/6
  1289 | D:2      | Reached XP level 4. HP: 37/37 MP: 5/8
  1612 | D:2      | Learned a level 3 spell: Call Canine Familiar
  1705 | D:3      | Found a blossoming altar of Fedhas.
  1715 | D:3      | Reached skill level 1 in Fighting
  1795 | D:3      | Reached skill level 5 in Summonings
  1795 | D:3      | Reached XP level 5. HP: 44/44 MP: 4/10
  2131 | D:3      | Found Ulukhi's Weapon Shoppe.
  2147 | D:3      | Bought a +0 dagger of venom for 57 gold pieces
  2473 | D:4      | Noticed a black bear
  2482 | D:4      | Killed a black bear
  2483 | D:4      | Reached XP level 6. HP: 52/52 MP: 5/11
  2979 | D:4      | Reached skill level 6 in Summonings
  3093 | D:5      | Entered Level 5 of the Dungeon
  3183 | D:5      | Reached XP level 7. HP: 60/60 MP: 6/13
  3196 | D:5      | Learned a level 3 spell: Summon Guardian Golem
  3311 | D:5      | Reached skill level 1 in Hexes
  3322 | D:5      | Found a staircase to the Ecumenical Temple.
  3331 | Temple   | Entered the Ecumenical Temple
  3341 | Temple   | Became a worshipper of the Wu Jian Council
  3686 | D:5      | Reached skill level 5 in Spellcasting
  3750 | D:5      | Found a runed translucent gate.
  3750 | D:5      | Found a runed translucent gate.
  3760 | D:5      | Found a runed translucent gate.
  3761 | D:5      | Noticed Mesmaeker13's ghost (novice AtFi)
  4090 | D:6      | Reached skill level 7 in Summonings
  4090 | D:6      | Reached XP level 8. HP: 48/67 MP: 10/16
  4131 | D:6      | Found the +9 staff of Olgreb {rPois∞}
  4137 | D:6      | Found a runed translucent door.
  4142 | D:6      | Found a runed translucent gate.
  4142 | D:6      | Found a runed translucent gate.
  4143 | D:6      | Found a runed translucent door.
  4161 | D:6      | Found a runed translucent gate.
  4249 | D:6      | You are sucked into a shaft and drop 2 floors!
  4281 | D:8      | Reached * piety under Wu Jian
  4342 | D:8      | Found a runed translucent door.
  4376 | D:8      | Slain by a sky beast

Illustrated notes

Levels and vault maps discovered:
D:1:      psy_arrival_heroes, layout_basic, minmay_tetromino_o4
D:2:      layout_basic
D:3:      layout_basic, fedhas_altar_fruit_tree, serial_shops,
          nicolae_diamond_shop
D:4:      cheibrodos_fertilizer, layout_rooms
D:5:      layout_loops_ring, minmay_temple_entry_wispy,
          gammafunk_ghost_necromancy, dreamdust_gnoll_farm
D:6:      layout_rooms, mainiacjoe_overflow_boulevard, moated_statue,
          minmay_guarded_unrand_staff_of_olgreb
D:8:      gammafunk_beogh_shrine, layout_cave_pools,
          gammafunk_temple_overflow_statue, serial_undead, serial_undead_a,
          serial_undead_d, serial_undead_d, serial_undead_a, serial_undead_b,
          serial_undead_d, serial_undead_b, serial_undead_d,
          lightli_church_of_beogh
Temple:   nicolae_temple_x_marks_the_god

Skill      XL: |  1  2  3  4  5  6  7  8 |
---------------+-------------------------+-----
Spellcasting   | 3 4 5 |  5.9
Fighting       | 1 2 |  2.0
Summonings     | 5 6 7 |  7.5
Hexes          | 2 3 |  3.6
Dodging        | |  1.5
Stealth        | |  3.0

Action                   |  1- 3 |  4- 6 |  7- 9 || total
-------------------------+-------+-------+-------++-------
Melee: Dagger            |    55 |     3 |       ||    58
       Short sword       |       |    57 |    93 ||   150
       Punch             |       |       |     1 ||     1
Throw: Dart              |       |     2 |     1 ||     3
       Boomerang         |       |       |     1 ||     1
 Cast: Summon Small Mamm |    24 |    13 |     1 ||    38
       Call Imp          |     6 |    11 |     5 ||    22
       Call Canine Famil |       |     6 |     9 ||    15
       Summon Guardian G |       |       |     1 ||     1
Invok: Lunge             |       |       |     9 ||     9
 Abil: Spit Poison       |    17 |    17 |     2 ||    36
Evoke: Wand              |       |       |     1 ||     1
  Use: Scroll            |     5 |     2 |     6 ||    13
       Potion            |       |     1 |     3 ||     4
 Stab: Sleeping          |     2 |     2 |     3 ||     7
       Distracted        |       |       |     1 ||     1
       Invisible         |       |       |     2 ||     2
Armor: Robe              |    12 |    18 |    16 ||    46
       Skin              |       |     8 |       ||     8
Dodge: Dodged            |    26 |    31 |    44 ||   101

Table legend: (Time is in decaauts)
 A = Elapsed time spent in this place.
 B = Non-inter-level travel time spent in this place.
 C = Inter-level travel time spent in this place.
 D = Time resting spent in this place.
 E = Time spent auto-exploring this place.
 F = Levels seen in this place.
 G = Mean time per level.
                   A        B        C        D        E       F      G
               +--------+--------+--------+--------+--------+-----+--------+
         Total |   5621 |   5432 |    189 |    323 |   3187 |   8 |  702.6 |
       Dungeon |   5593 |   5404 |    189 |    323 |   3186 |   7 |  799.0 |
        Temple |     28 |     28 |      0 |      0 |      1 |   1 |   28.0 |
               +--------+--------+--------+--------+--------+-----+--------+

Top non-repeatable levels by time:
     D:1: 1157 daAuts
     D:5: 1135 daAuts
     D:3: 1125 daAuts
     D:2: 915 daAuts
     D:4: 793 daAuts
     D:6: 314 daAuts
     D:8: 151 daAuts
  Temple: 28 daAuts
